 Dungeon Crawl Stone Soup version 0.31.0-1-g2c135a008e (webtiles) character file.

Game seed: 1595404043496717841

27 qw the Shooter (level 3, -8/28 HPs)
             Began as a Djinni Hunter on Jan 23, 2024.
             Mangled by Sigmund
             ... wielding a +1 heavy scythe
              (15 damage)
             ... on level 2 of the Dungeon.
             The game lasted 00:00:05 (1149 turns).

qw the Shooter (Djinni Hunter)                      Turns: 1149, Time: 00:00:06

Health: -8/28      AC:  5    Str: 10    XL:     3   Next: 25%
Gold:   65         EV: 11    Int: 10    God:
                   SH:  0    Dex: 18

rFire   + + .        a - +0 shortbow
rCold   x . .        (shield currently unavailable)
rNeg    . . .        d - +0 ring mail
rPois   inf          (no helmet)
rElec   .            (no cloak)
rCorr   .            (no gloves)
SInv    .            (boots unavailable)
Will    .....        (no amulet)
Stlth   +            (no ring)
HPRegen 0.24/turn    (no ring)
MPRegen 0.00/turn

%: infuse magic (-9 HP)
@: flying
A: sickness immunity, fire resistance 2, cold vulnerability 1, float, innate
caster, HP casting, extra vitality 1
a: no special abilities


You were on level 2 of the Dungeon.
You visited 1 branch of the dungeon, and saw 2 of its levels.

You collected 65 gold pieces.


Innate Abilities, Weirdness & Mutations

You are immune to sickness and miasma.
You are immune to poison.
Your flesh is very heat resistant. (rF++)
You are vulnerable to cold. (rC-)
You float through the air rather than walking.
You learn spells naturally, not from books.
Your magical power is your life essence.
You have superior vitality. (+4 MHP)


   Skills:
 - Level 2.0 Fighting
 - Level 4.0 Ranged Weapons
 + Level 0.8 Armour
 - Level 2.1 Dodging
 - Level 0.7 Stealth


You knew the following spells:

 Your Spells              Type           Power      Damage    Failure   Level
a - Summon Small Mammal   Summ           0%         N/A       69%         1
Your spell library was empty.

Inventory:

Hand Weapons
 a - a +0 shortbow (weapon)
Armour
 d - a +0 ring mail (worn)
Potions
 e - a potion of haste
 j - a potion of curing {unknown}

Dungeon Overview and Level Annotations

Branches:
Dungeon (2/15)

Altars:

Annotations:
D:2 Sigmund, Terence


Message History

Terence barely misses you.
You shoot an arrow.
The arrow hits Terence but does no damage.
Terence is lightly wounded.
Terence hits you with a +0 flail. Terence misses you.
You shoot an arrow. The arrow barely misses Terence.
Terence hits you with a +0 flail.
You shoot an arrow. The arrow barely misses Terence.
Terence closely misses you.
You shoot an arrow.
The arrow hits Terence but does no damage.
Terence is lightly wounded.
Terence hits you with a +0 flail. Terence misses you.
You shoot an arrow.
The arrow hits Terence but does no damage.
Terence is lightly wounded.
Terence hits you with a +0 flail.
You shoot an arrow. The arrow barely misses Terence.
Terence hits you with a +0 flail.
You shoot an arrow. The arrow hits Terence!
Terence is heavily wounded.
Terence screams, "I'm going to kill you!"
Terence hits you but does no damage.
Sigmund hits you from afar with a +1 heavy scythe!
Terence barely misses you.
1146 ||| DRINKING potion of heal wounds.
You feel much better. Terence hits you but does no damage.
You shoot an arrow. The arrow closely misses Terence.
Sigmund hits you from afar with a +1 heavy scythe!
Terence closely misses you.
You shoot an arrow.
The arrow hits Terence but does no damage.
Terence is heavily wounded.
Terence hits you with a +0 flail.
You shoot an arrow. The arrow barely misses Terence.
Sigmund hits you from afar with a +1 heavy scythe!
Ouch! That really hurt!
You die...
Sigmund begins carving another notch in his scythe.

#.....<#.#
#...#..#.#
#...#..#.#
#...#..#.#
#...#..#.#
#...#..#.#
#...#..#.#
#...)..#.#
##### #@#
.....@@.#
#........
#......###
#......
#......
#......
#####..


You could see Sigmund and Terence.

Vanquished Creatures
  A gnoll (D:1)
  2 ball pythons (D:1)
  2 bats (D:1)
  2 endoplasms (D:1)
  A goblin (D:1)
  A hobgoblin (D:1)
  3 frilled lizards (D:1)
  4 kobolds (D:1)
  2 rats (D:1)
18 creatures vanquished.

Notes
Turn   | Place    | Note
-------+----------+-------------------------------------------
     0 | D:1      | qw the Djinni Hunter began the quest for the Orb.
     0 | D:1      | Reached XP level 1. HP: 18/18 MP: 0/0
     0 | D:1      | 0 ||| qw: Version: 0.3-a-134-g2ba4250
     0 | D:1      | 0 ||| qw: Game counter: 677
     0 | D:1      | 0 ||| qw: Melee chars always use a shield: true
     0 | D:1      | 0 ||| qw: God list: Okawaru
     0 | D:1      | 0 ||| qw: Allow faded altars: false
     0 | D:1      | 0 ||| qw: Do Orc after clearing Dungeon:15 true
     0 | D:1      | 0 ||| qw: Do second Lair branch before Depths: true
     0 | D:1      | 0 ||| qw: Lair rune preference: random
     0 | D:1      | 0 ||| qw: Goals: Normal
     0 | D:1      | 0 ||| PLANNING D:1-11
    72 | D:1      | 72 ||| UPGRADING to +0 ring mail.
    96 | D:1      | 96 ||| DROPPING +0 leather armour.
   245 | D:1      | 245 ||| RETREEEEATING.
   248 | D:1      | Reached XP level 2. HP: 23/23 MP: 0/0
   269 | D:1      | Reached skill level 4 in Ranged Weapons
   269 | D:1      | Reached XP level 3. HP: 28/28 MP: 0/0
   269 | D:1      | Learned a level 1 spell: Summon Small Mammal
  1015 | D:1      | 1015 ||| READING scroll labelled WEAMAHOWEM.
  1016 | D:1      | 1016 ||| READING scroll labelled IPNATR WERIPE.
  1016 | D:1      | 1016 ||| IDENTIFYING viscous grey potion
  1017 | D:1      | 1017 ||| READING scroll labelled XUOKHL VEQIECI.
  1021 | D:1      | 1021 ||| READING scroll labelled LEFAUN JEPLYQI.
  1022 | D:1      | 1022 ||| DRINKING 2 bubbling green potions.
  1023 | D:1      | 1023 ||| DROPPING scroll of butterflies.
  1070 | D:2      | Noticed Sigmund
  1078 | D:2      | 1078 ||| STAIRDANCE
  1135 | D:2      | Noticed Terence
  1145 | D:2      | HP: 1/28 [Sigmund/+1 heavy scythe (13)]
  1146 | D:2      | 1146 ||| DRINKING potion of heal wounds.
  1149 | D:2      | Mangled by Sigmund

Levels and vault maps discovered:
D:1:      roderic_crop_circles_arrival_large, layout_basic, serial_forest,
          infiniplex_forest_clump_curved, infiniplex_forest_fountain,
          infiniplex_forest_lined_corner, infiniplex_forest_end_1,
          infiniplex_forest_lined_2, infiniplex_forest_join,
          infiniplex_forest_lined_3, nicolae_grassy_gnolls
D:2:      minmay_roachtagon, layout_basic, serial_shops, shop_statue,
          kennysheep_flooded_box, uniq_crazy_yiuf_cottage, uniq_sigmund,
          uniq_terence

Skill      XL: |  1  2 |
---------------+-------+-----
Ranged Weapons | 4 |  4.0
Fighting       | |  2.0
Armour         | |  0.8
Dodging        | |  2.1
Stealth        | |  0.7

Action                     || total
---------------------------++-------
   Fire: Shortbow          ||    59
    Use: Scroll            ||     4
         Potion            ||     2
 Armour: Skin              ||     1
         Ring mail         ||    26
  Dodge: Dodged            ||    15

Table legend:
 A = Non-vault XP
 B = Vault XP
 C = Vault XP percentage of total XP
 D = Non-vault monster count
 E = Vault monster count
 F = Vault count percentage of total count
                 A         B        C        D         E       F
            +---------+---------+-------+---------+---------+-------
      Total |      25 |      14 |  35.9 |      17 |       1 |   5.6
            +---------+---------+-------+---------+---------+-------
        D:1 |      25 |      14 |  35.9 |      17 |       1 |   5.6
            +---------+---------+-------+---------+---------+-------
